 Dungeon Crawl Stone Soup version 0.21-a0-225-g207ae17 (webtiles) character file.

25929 Moloch the Spear-Bearer (level 12, 0/101 HPs)
             Began as a Mummy Fighter on Aug 29, 2017.
             Was a Follower of Ru.
             Killed from afar by Harold (30 damage)
             ... with a bolt of fire
             ... on level 4 of the Lair of Beasts.
             The game lasted 00:36:30 (18051 turns).

Moloch the Spear-Bearer (Mummy Fighter)            Turns: 18051, Time: 00:36:31

Health: 0/101      AC: 18    Str: 19    XL:     12   Next: 93%
Magic:  15/15      EV:  1    Int:  9    God:    Ru [*.....]
Gold:   751        SH: 13    Dex: 15    Spells: 4/11 levels left

rFire    x . .     SeeInvis +   a - +0 trident
rCold    + . .     Gourm    .   v - +0 large shield
rNeg     + + +     Faith    .   x - +0 plate armour
rPois    ∞         Spirit   .   b - +2 helmet
rElec    .         Reflect  .   p - +2 cloak
rCorr    .         Harm     .   l - +0 pair of gloves
MR       +....                  (no boots)
Stlth    ..........             (no amulet)
HPRegen  0.26/turn              r - ring of see invisible
MPRegen  0.14/turn              (no ring)

@: no status effects
A: no food or potions, fire vulnerability, cold resistance 1, negative energy
resistance 3, screaming 1, torment resistance, unbreathing, no stealth
a: Renounce Religion


You were on level 4 of the Lair of Beasts.
You worshipped Ru.
Ru was aware of your devotion.
You were not hungry.

You visited 3 branches of the dungeon, and saw 16 of its levels.

You collected 751 gold pieces.

Inventory:

Hand Weapons
 a - a +0 trident (weapon)
 q - a +0 glaive
Missiles
 h - 2 steel tomahawks (quivered)
Armour
 b - a +2 helmet (worn)
 c - a +0 shield
 l - a +0 pair of gloves (worn)
 p - a +2 cloak (worn)
 v - a +0 large shield (worn)
 x - a +0 plate armour (worn)
Jewellery
 r - a ring of see invisible (left hand)
Wands
 t - a wand of clouds (3/9)
 A - a wand of iceblast (0/15)
 B - a wand of polymorph (3/24)
 C - a wand of iceblast (0/15)
Scrolls
 e - a scroll of fog
 f - 2 scrolls of blinking
 g - 5 scrolls of identify
 i - a scroll of noise {unknown}
 j - a scroll of fear {unknown}
 k - a scroll of recharging
 m - 4 scrolls of enchant armour
 n - 2 scrolls of teleportation
 o - 2 scrolls of enchant weapon {unknown}
 s - a scroll of remove curse
 u - a scroll of random uselessness {unknown}
 w - a scroll of brand weapon {unknown}
 y - 2 scrolls of immolation {unknown}


   Skills:
 + Level 11.7 Fighting
 + Level 14.4 Polearms
 - Level 2.4 Armour
 - Level 2.4 Shields
 - Level 5.2 Evocations


You had 4 spell levels left.
You knew the following spells:

 Your Spells              Type           Power        Failure   Level  Hunger
a - Summon Butterflies    Summ           #.......     100%        1    N/A
b - Apportation           Tloc           #.....       100%        1    N/A
c - Song of Slaying       Chrm           #.......     100%        2    N/A
d - Spectral Weapon       Hex/Chrm       #.......     100%        3    N/A

Dungeon Overview and Level Annotations

Branches:
Dungeon (10/15)            Temple (1/1) D:7            Lair (5/6) D:9
  Snake (0/4) Lair:4
  Swamp: Lair:2-4    Shoals: Lair:2-4     Slime: Lair:5-6       Orc: D:9-12

Altars:
Ashenzari
Cheibriados
Dithmenos
Elyvilon
Fedhas
Gozag
Hepliaklqana
Kikubaaqudgha
Makhleb
Nemelex Xobeh
Okawaru
Qazlal
Ru
Sif Muna
Trog
Uskayaw
Vehumet
Wu Jian
Xom
Yredelemnul
Zin
The Shining One

Shops:
D:7 !   D:9 [

Annotations:
D:10 Urug
Lair:3 exclusion: 3 oklob plants
Lair:4 Harold, Kirke, Rupert


Innate Abilities, Weirdness & Mutations

You do not eat or drink.
Your flesh is vulnerable to fire.
You are immune to poison.
Your flesh is cold resistant. (rC+)
You are immune to negative energy. (rN+++)
You occasionally shout uncontrollably at your foes.
You are immune to unholy pain and torment.
You can survive without breathing.
You cannot be stealthy.


Message History

You kill the komodo dragon!
Harold the Weathered comes into view.
He is wielding a battleaxe.
You shout at Harold!
Harold shouts!
Harold throws a throwing net.
The throwing net hits you.
You become entangled in the net!
There is a stone staircase leading up here.
You see here a throwing net.
Okay, then.
Evoke which item? (* to show all) (? for menu, Esc to quit)
Okay, then.
Okay, then.
As you read the scroll of fog, it crumbles to dust.
The scroll dissolves into smoke.
You struggle against the net.
You tear a large gash into the net.
You shred the net and break free! Harold casts a spell at you.
The bolt of fire hits you! The fire burns you terribly!
You die...

#.##...#.#.##.#.÷# #.....≈≈≈≈.≈.
###........###.>## #.♣.≈.≈≈...≈≈
##...#.#.#.# ##..# #.♣.≈≈.≈...≈≈
#..........###..## #..≈.≈≈...≈.≈
...#.>.#...#.....## #.♣.≈..≈≈≈.≈.
..........##......###..≈..≈.≈≈≈..
.#.#.#...##....§†..#...≈.≈..≈≈≈..
........##....§§§§.#P...≈≈....≈.≈
.#.#...##......§@§#####♣≈≈...≈.≈.
......##.......§§§.# #♣#♣≈≈≈≈..≈≈
.....####.........####PP..≈≈..≈.≈
#########P...@.!.###.......♣≈≈.≈.
..#....####.......##.........♣♣♣♣
.........#.......#..÷........♣
.#....Y......#...#PPP.......##
#.####.P##...#..............# ###
####....####..........##


You could see Harold.

Vanquished Creatures
  Snorg (Lair:4)
  2 hydras
  3 two-headed ogres
  The ghost of Gorglomux the Arsonist, a novice KoFE of Vehumet (D:7)
  Pikel (D:5)
  5 elephants (Lair:4)
  A black mamba (Lair:3)
  Joseph (D:8)
  A torpor snail (Lair:4)
  3 spiny frogs
  6 komodo dragons
  2 trolls (D:9)
  A polar bear (Lair:4)
  Grinder (D:5)
  A hornet (D:7)
  6 hippogriffs
  4 blink frogs (Lair:1)
  30 yaks
  A wyvern (D:10)
  3 hogs
  2 basilisks
  Grum (D:8)
  6 nagas
  9 water moccasins
  7 porcupines
  An orc warrior (D:7)
  A swamp drake (Lair:4)
  2 black bears
  3 phantoms
  2 sky beasts
  9 wolves
  A necrophage (D:6)
  4 centaurs
  8 ogres
  10 crocodiles
  10 bullfrogs
  5 scorpions
  4 wights
  An electric eel (Lair:3)
  3 crimson imps
  2 quasits
  A jelly (D:9)
  An orc priest (D:7)
  2 hounds
  2 bullfrog skeletons
  Terence (D:2)
  An iguana (D:8)
  5 orc wizards
  7 worker ants
  4 hound skeletons
  A howler monkey skeleton (D:4)
  A worker ant zombie (D:5)
  4 gnolls (D:9)
  11 adders
  A shadow imp (D:6)
  An adder zombie (D:9)
  2 worms (D:2)
  2 dart slugs
  7 leopard geckos
  19 orcs
  2 ball pythons (D:2)
  9 bats
  3 giant cockroaches
  6 goblins
  8 hobgoblins
  9 jackals
  3 quokkas
  4 frilled lizards
  4 kobolds
  A leopard gecko skeleton (D:4)
  10 rats
297 creatures vanquished.

Vanquished Creatures (others)
  A yak (Lair:3)
  A leopard gecko (D:5)
  A bush (Lair:4)
  8 fungi
  A plant (Lair:4)
12 creatures vanquished.

Grand Total: 309 creatures vanquished

Notes
Turn   | Place    | Note
-------+----------+-------------------------------------------
     0 | D:1      | Moloch the Mummy Fighter began the quest for the Orb.
     0 | D:1      | Reached XP level 1. HP: 18/18 MP: 1/1
   194 | D:1      | Reached XP level 2. HP: 24/24 MP: 2/2
   337 | D:1      | Reached skill level 2 in Polearms
   922 | D:2      | Reached XP level 3. HP: 3/29 MP: 3/3
  1418 | D:2      | Found a shadowy altar of Dithmenos.
  1717 | D:2      | Reached XP level 4. HP: 35/37 MP: 4/4
  1725 | D:2      | Reached skill level 3 in Polearms
  2000 | D:3      | Noticed Terence
  2040 | D:2      | Killed Terence
  2107 | D:3      | Found a shattered altar of Ashenzari.
  2361 | D:3      | Reached XP level 5. HP: 42/42 MP: 5/5
  2726 | D:4      | Reached skill level 4 in Polearms
  2735 | D:4      | Noticed a phantom
  2758 | D:4      | Killed a phantom
  2758 | D:4      | Reached XP level 6. HP: 38/49 MP: 6/6
  3011 | D:4      | Reached skill level 5 in Polearms
  3011 | D:4      | Reached skill level 1 in Evocations
  3253 | D:5      | Entered Level 5 of the Dungeon
  3292 | D:5      | Reached XP level 7. HP: 38/55 MP: 6/8
  3902 | D:5      | Noticed Grinder
  3920 | D:5      | Killed Grinder
  3920 | D:5      | Reached skill level 5 in Fighting
  3920 | D:5      | Reached skill level 6 in Polearms
  4012 | D:5      | Noticed Pikel
  4013 | D:5      | Killed Pikel
  4013 | D:5      | Reached skill level 7 in Polearms
  4013 | D:5      | Reached XP level 8. HP: 63/63 MP: 8/10
  5124 | D:6      | You fall through a shaft for 2 floors!
  5124 | D:8      | Noticed a two-headed ogre
  5156 | D:8      | Noticed Joseph
  5172 | D:8      | Reached skill level 8 in Polearms
  5172 | D:8      | Reached XP level 9. HP: 47/69 MP: 11/11
  5288 | D:6      | Found a hide-covered altar of Uskayaw.
  5312 | D:7      | Found a deep blue altar of Sif Muna.
  5344 | D:7      | Noticed Gorglomux's ghost (novice KoFE)
  5412 | D:7      | Killed Gorglomux's ghost
  5530 | D:7      | Reached skill level 9 in Polearms
  5793 | D:7      | Found Bopo's Distillery.
  6304 | D:7      | Found a staircase to the Ecumenical Temple.
  6566 | D:8      | Killed Joseph
  6681 | D:8      | Reached XP level 10. HP: 48/79 MP: 13/13
  6683 | D:8      | Killed a two-headed ogre
  6683 | D:8      | Reached skill level 10 in Polearms
  6683 | D:8      | Reached skill level 5 in Evocations
  7396 | D:8      | Noticed Grum
  7420 | D:8      | Killed Grum
  7810 | Temple   | Entered the Ecumenical Temple
  8087 | Temple   | Became a worshipper of Ru the Awakened
  8175 | D:9      | Found Kiduzin's Armour Shop.
  8175 | D:9      | Found a staircase to the Lair.
  8182 | D:9      | Learned a level 1 spell: Summon Butterflies
  8184 | D:9      | Learned a level 1 spell: Apportation
  8727 | D:9      | Noticed a two-headed ogre
  8735 | D:9      | Killed a two-headed ogre
  8865 | D:9      | Reached skill level 11 in Polearms
  8971 | D:10     | Entered Level 10 of the Dungeon
  9071 | D:10     | Noticed a two-headed ogre
  9089 | D:10     | Killed a two-headed ogre
  9100 | D:10     | Noticed Urug
  9101 | D:10     | Noticed Urug
  9101 | D:10     | Urug changed into Urug the eye of devastation
  9642 | D:10     | Reached XP level 11. HP: 79/87 MP: 14/14
  9660 | D:10     | Gained mutation: You cannot be stealthy. [Ru sacrifice]
  9665 | D:10     | Noticed a two-headed ogre
  9946 | Lair:1   | Entered Level 1 of the Lair of Beasts
 11002 | Lair:1   | Reached skill level 12 in Polearms
 13338 | Lair:2   | Gained mutation: You occasionally shout uncontrollably at your foes. [Ru sacrifice]
 13338 | Lair:2   | Reached * piety under Ru
 13572 | Lair:2   | Reached skill level 10 in Fighting
 13572 | Lair:2   | Reached skill level 13 in Polearms
 14053 | Lair:2   | Noticed a six-headed hydra
 14062 | Lair:2   | Killed a six-headed hydra
 14062 | Lair:2   | Reached XP level 12. HP: 85/97 MP: 15/15
 14792 | Lair:3   | Learned a level 2 spell: Song of Slaying
 14796 | Lair:3   | Learned a level 3 spell: Spectral Weapon
 16226 | Lair:4   | Noticed Snorg
 16275 | Lair:3   | Noticed a four-headed hydra
 16280 | Lair:3   | Killed a four-headed hydra
 16459 | Lair:4   | Killed Snorg
 16459 | Lair:4   | Reached skill level 14 in Polearms
 16506 | Lair:4   | Noticed Kirke
 17099 | Lair:4   | Found a staircase to the Snake Pit.
 17341 | Lair:4   | Noticed Rupert
 18047 | Lair:4   | Noticed Harold
 18051 | Lair:4   | Killed from afar by Harold

Vault maps used:
D:1:      dpeg_arrival_concentric_ovals, st_stairs_7
D:2:      grunt_dithmenos_smoke
D:3:      evilmike_ruin_ashenzari, serial_glass, glass_columns_a,
          glass_columns_c, minmay_surrounded, uniq_terence
D:5:      first_bread, roderic_serpentine_path, uniq_pikel, uniq_grinder
D:6:      lemuel_upstairs_altar
D:7:      minmay_temple_entry_from_below_a, basic_altar, serial_shops,
          nicolae_shop_crystal
D:8:      uniq_grum, uniq_joseph
D:9:      lair_entry_dummy, serial_shops, shop
D:10:     uniq_urug
Temple:   regret_index_temple_sigil_plot
Lair:1:   infiniplex_staircase_pool_2, grunt_megastairs_5
Lair:2:   st_stairs_10, grunt_megastairs_3
Lair:3:   beast_lair_carwin_8, minmay_lair_oklob_chamber,
          infiniplex_staircase_pool
Lair:4:   swamp_mist, minmay_snake_entry_guardpost_large, st_stairs_8,
          nicolae_quartered_pool_super, uniq_harold, uniq_rupert, uniq_snorg,
          uniq_kirke

Skill      XL: |  1  2  3  4  5  6  7  8  9 10 11 12 |
---------------+-------------------------------------+-----
Polearms       | 2 3 4 5 7 8 9 11 13 14 | 14.4
Fighting       | 4 5 6 7 8 10 11 | 11.7
Evocations     | 1 3 4 5 |  5.2
Armour         | |  2.4
Shields        | |  2.4

Action                   |  1- 3 |  4- 6 |  7- 9 | 10-12 || total
-------------------------+-------+-------+-------+-------++-------
Melee: Trident           |   162 |   301 |   384 |  1396 ||  2243
Throw: Tomahawk          |       |       |     7 |    11 ||    18
Invok: Sacrifice Purity  |       |       |       |     1 ||     1
       Sacrifice Stealth |       |       |       |     1 ||     1
       Reject Sacrifices |       |       |       |     1 ||     1
Evoke: Wand              |       |       |    12 |    32 ||    44
  Use: Scroll            |       |       |     5 |    10 ||    15
 Stab: Distracted        |       |     1 |       |     3 ||     4
Armor: Scale mail        |    62 |    35 |       |       ||    97
       Chain mail        |       |    16 |       |       ||    16
       Ring mail         |       |    64 |   100 |       ||   164
       Plate armour      |       |       |    23 |   596 ||   619
Dodge: Dodged            |    45 |    68 |    58 |    44 ||   215
Block: Shield            |    81 |   104 |    28 |       ||   213
       Large shield      |       |       |   146 |   631 ||   777

Table legend:
 A = Spawn XP
 B = Non-spawn XP
 C = Spawn XP percentage of total XP
 D = Spawn monster count
 E = Non-spawn monster count
 F = Spawn count percentage of total count
 G = Total turns spent on level
                    A         B        C        D         E        F      G
               +---------+---------+-------+---------+---------+-------+---------
         Total |    6669 |   30373 |  18.0 |      43 |     255 |  14.4 | 18051
               +---------+---------+-------+---------+---------+-------+---------
           D:1 |       0 |      31 |   0.0 |       0 |      17 |   0.0 |  1049
           D:2 |      24 |      99 |  19.5 |       6 |      28 |  17.6 |  1022
           D:3 |       5 |      81 |   5.8 |       3 |      16 |  15.8 |   594
           D:4 |      18 |     491 |   3.5 |       1 |      18 |   5.3 |   817
           D:5 |     106 |    1330 |   7.4 |       3 |      15 |  16.7 |  1045
           D:6 |     130 |     575 |  18.4 |       2 |      12 |  14.3 |   741
           D:7 |      13 |    1835 |   0.7 |       1 |      20 |   4.8 |  1055
           D:8 |       0 |    2262 |   0.0 |       0 |      11 |   0.0 |  1542
           D:9 |    1181 |    2848 |  29.3 |       8 |      22 |  26.7 |  2323
          D:10 |       0 |    1330 |   0.0 |       0 |       5 |   0.0 |   226
        Lair:1 |    1037 |    5282 |  16.4 |       6 |      25 |  19.4 |  2281
        Lair:2 |    1236 |    2221 |  35.8 |       3 |      12 |  20.0 |  1208
        Lair:3 |    1553 |    4069 |  27.6 |       3 |      27 |  10.0 |  2192
        Lair:4 |    1366 |    7919 |  14.7 |       7 |      27 |  20.6 |  1657
               +---------+---------+-------+---------+---------+-------+---------
